 Dungeon Crawl Stone Soup version 0.24-a0-459-g225fefd530 (webtiles) character file.

Game seed: 13721796049814665273

294 Azzok the Chopper (level 6, -4/48 HPs)
             Began as a Vampire Fighter on June 30, 2019.
             Slain by Pikel
             ... wielding a +2 whip of electrocution
              (20 damage)
             ... on level 4 of the Dungeon.
             The game lasted 00:03:21 (2392 turns).

Azzok the Chopper (Vampire Fighter)                 Turns: 2392, Time: 00:03:23

Health: -4/48      AC:  9    Str: 17    XL:     6   Next: 11%
Magic:  6/6        EV:  4    Int: 11    God:
Gold:   132        SH:  8    Dex: 13    Spells: 5/5 levels left

rFire    . . .     SeeInvis +   a - +0 war axe
rCold    + . .     Gourm    .   c - +0 shield
rNeg     . . .     Faith    .   e - +0 chain mail
rPois    .         Spirit   .   (no helmet)
rElec    .         Reflect  .   n - +0 cloak
rCorr    .         Harm     .   (no gloves)
MR       .....                  (no boots)
Stlth    ..........             (no amulet)
HPRegen  0.36/turn              p - ring of protection from cold
MPRegen  0.10/turn              (no ring)

@: regenerating quickly
A: no food, fangs 3, see invisible, unbreathing
a: Exsanguinate


You were on level 4 of the Dungeon.
You were alive.

You visited 1 branch of the dungeon, and saw 4 of its levels.

You collected 132 gold pieces.

Inventory:

Hand Weapons
 a - a +0 war axe (weapon)
Armour
 c - a +0 shield (worn)
 e - a +0 chain mail (worn)
 n - a +0 cloak (worn)
Jewellery
 p - a ring of protection from cold (left hand)
Scrolls
 b - a scroll of enchant weapon {unknown}
 f - 4 scrolls of identify
 g - a scroll of blinking {unknown}
 h - 2 scrolls of teleportation {unknown}
 m - a scroll of fog {unknown}
 o - a scroll of random uselessness {unknown}
 t - a scroll of remove curse {unknown}
 u - a scroll of noise {unknown}
 v - a scroll of immolation {unknown}
Potions
 d - a potion of might
 i - 4 potions of curing {unknown}
 j - 2 potions of invisibility {unknown}
 k - a potion of berserk rage {unknown}
 l - a potion of degeneration {unknown}
 q - 3 potions of heal wounds {unknown}
 r - a potion of haste {unknown}
 s - a potion of mutation {unknown}


   Skills:
 + Level 4.2 Fighting
 * Level 4.9 Axes
 - Level 2.4 Armour
 - Level 2.6 Shields


You had 5 spell levels left.
You didn't know any spells.
Your spell library was empty.

Dungeon Overview and Level Annotations

Branches:
Dungeon (4/15)
 Temple: D:4-7

Altars:
Fedhas
Kikubaaqudgha

Annotations:
D:4 Pikel


Innate Abilities, Weirdness & Mutations

You do not eat.
Your natural rate of healing is unusually fast.
You have razor-sharp teeth.
You have supernaturally acute eyesight. (SInv)
You can survive without breathing.


Message History

The orc wizard blinks!
The hound bites you but does no damage. The orc wizard barely misses you.
You block the hound's attack.
Found 9 gold pieces.
The orc wizard gestures wildly while chanting.
The orc wizard seems to speed up.
The hound bites you but does no damage.
A giant cockroach comes into view.
The hound barely misses you. The hound barely misses you.
You block the hound's attack. The hound bites you.
The orc wizard casts a spell.
The orc wizard blinks!
The hound bites you but does no damage.
An adder comes into view.
The leopard gecko hisses menacingly.
The hound bites you but does no damage. Pikel hits you but does no damage.
The adder hisses angrily.
The hound bites you but does no damage.
Pikel hits you with a +2 whip of electrocution.
You are electrocuted!!
You die...

··········▒▒a··············
▒····o··▒s··pp····▒········
▒o▒··p··▒▒···············
▒·····▒▒▒▒▒▒▒▒▒p·········
▒·····▒···▒ ▒▒·········
········▒▒·▒ ▒▒▒▒▒··p······
····▒···▒▒·▒▒▒▒····<········
··· ▒·▒····l·K··············
·· ▒·▒·····h@············$·
▒ ▒·▒·········▒···▒······▒
▒·▒▒▒···▒▒▒···)·······▒▒
····S····/····▒▒▒·▒·▒
········▒▒▒▒▒·· ·▒·▒
········· ▒·· ·▒ · ·········
▒▒·· ···· ·· ···


You could see Pikel, a hound, an adder and a leopard gecko.

Vanquished Creatures
  A centaur (D:3)
  A howler monkey (D:2)
  Crazy Yiuf (D:2)
  Jessica (D:3)
  Natasha (D:2)
  3 adders
  An ooze (D:2)
  2 dart slugs (D:1)
  7 leopard geckos
  An orc (D:4)
  4 giant cockroaches (D:3)
  7 hobgoblins
  2 jackals (D:1)
  4 kobolds
  3 quokkas
  7 bats
  2 frilled lizards
  6 goblins
  10 rats
64 creatures vanquished.

Notes
Turn   | Place    | Note
-------+----------+-------------------------------------------
     0 | D:1      | Azzok the Vampire Fighter began the quest for the Orb.
     0 | D:1      | Reached XP level 1. HP: 17/17 MP: 1/1
   166 | D:1      | Reached XP level 2. HP: 21/23 MP: 2/2
   587 | D:1      | Reached XP level 3. HP: 29/29 MP: 3/3
   900 | D:2      | Reached XP level 4. HP: 35/35 MP: 4/4
   934 | D:2      | Found a runed translucent door.
   935 | D:2      | Noticed Crazy Yiuf
   946 | D:2      | Killed Crazy Yiuf
  1128 | D:2      | Noticed Natasha
  1137 | D:2      | Killed Natasha
  1274 | D:2      | Found a blossoming altar of Fedhas.
  1278 | D:2      | Reached XP level 5. HP: 37/42 MP: 5/5
  1415 | D:2      | Found an ancient bone altar of Kikubaaqudgha.
  1649 | D:3      | Noticed Jessica
  1652 | D:3      | Killed Jessica
  1748 | D:3      | Noticed a centaur
  1754 | D:3      | Killed a centaur
  1921 | D:3      | Reached XP level 6. HP: 48/48 MP: 6/6
  2357 | D:4      | Noticed a slave
  2358 | D:4      | Noticed a slave
  2359 | D:4      | Noticed a slave
  2360 | D:4      | Noticed Pikel
  2366 | D:4      | Noticed a slave
  2392 | D:4      | Slain by Pikel

Levels and vault maps discovered:
D:1:      roderic_crossed_star, layout_loops_ring
D:2:      layout_loops_ring, fedhas_altar_2, lemuel_coloured_pillars_altar,
          uniq_natasha, uniq_crazy_yiuf_cottage
D:3:      layout_loops_ring, gup_sewer_entry_pipe,
          chequers_serial_rivers_micro_b, uniq_jessica
D:4:      layout_rooms, kennysheep_mini, minmay_temple_entry_sparse_star,
          dk_xom_monty_hall, uniq_pikel

Skill      XL: |  1  2  3  4  5 |
---------------+----------------+-----
Axes           | 2 3 4 |  4.9
Fighting       | 3 4 |  4.2
Armour         | |  2.4
Shields        | |  2.6

Action                   |  1- 3 |  4- 6 || total
-------------------------+-------+-------++-------
Melee: War axe           |    77 |   110 ||   187
       Bite              |    10 |     7 ||    17
  Use: Scroll            |       |     1 ||     1
Armor: Chain mail        |    43 |    95 ||   138
Dodge: Dodged            |    14 |    27 ||    41
Block: Shield            |    41 |    54 ||    95

Table legend:
 A = Non-vault XP
 B = Vault XP
 C = Vault XP percentage of total XP
 D = Non-vault monster count
 E = Vault monster count
 F = Vault count percentage of total count
                 A         B        C        D         E       F
            +---------+---------+-------+---------+---------+-------
      Total |     290 |     130 |  31.0 |      53 |      11 |  17.2
            +---------+---------+-------+---------+---------+-------
        D:1 |      41 |       0 |   0.0 |      24 |       0 |   0.0
        D:2 |      87 |      72 |  45.3 |      11 |       2 |  15.4
        D:3 |     159 |      58 |  26.7 |      17 |       9 |  34.6
        D:4 |       3 |       0 |   0.0 |       1 |       0 |   0.0
            +---------+---------+-------+---------+---------+-------
